 Dungeon Crawl Stone Soup version 0.29.1-2-gbd0b4ee654 (webtiles) character file.

Game seed: 2172910055996836725

42 sanboga the Trooper (level 3, -5/43 HPs)
             Began as a Demonspawn Berserker on Dec 1, 2022.
             Was a Follower of Trog.
             Slain by a gnoll
             ... wielding a +0 flail
              (8 damage)
             ... on level 2 of the Dungeon.
             The game lasted 00:00:43 (1122 turns).

sanboga the Trooper (Demonspawn Berserker)          Turns: 1122, Time: 00:00:44

Health: -5/43      AC:  3    Str: 19    XL:     3   Next: 35%
Magic:  3/3        EV: 12    Int:  8    God:    Trog [*.....]
Gold:   41         SH:  0    Dex: 12    Spells: 2/2 levels left

rFire   . . .      SeeInvis .     - Unarmed
rCold   . . .      Faith    .   (no shield)
rNeg    . . .      Spirit   .   a - +0 animal skin
rPois   .          Reflect  .   (no helmet)
rElec   .          Harm     .   (no cloak)
rCorr   .          Rampage  .   (no gloves)
Will    .....                   (no boots)
Stlth   ..........              (no amulet)
HPRegen 0.14/turn               (no ring)
MPRegen 0.08/turn               (no ring)

@: berserking, very quick
A: hooves 1, rugged brown scales 1
a: Renounce Religion, Berserk


You were on level 2 of the Dungeon.
You worshipped Trog.
Trog was aware of your devotion.
You visited 1 branch of the dungeon, and saw 2 of its levels.

You collected 41 gold pieces.

Inventory:

Armour
 a - a +0 animal skin (worn)
Scrolls
 c - a scroll of identify {unknown}
 e - a scroll of torment {unknown}
 f - a scroll of fear {unknown}
Potions
 b - a potion of heal wounds {unknown}
 d - a potion of mutation {unknown}
 g - a potion of curing {unknown}


   Skills:
 + Level 3.3 Fighting
 + Level 2.2 Armour
 + Level 2.2 Dodging
 * Level 3.3 Unarmed Combat


You had 2 spell levels left.
You didn't know any spells.
Your spell library was empty.

Dungeon Overview and Level Annotations

Branches:
Dungeon (2/15)

Altars:


Innate Abilities, Weirdness & Mutations

You have large cloven feet.
You are partially covered in rugged brown scales. (AC +1, +3% HP)


Message History

A rat comes into view.
You feel a strong urge to attack something.
The gnoll barely misses you. The gnoll hits you with a +0 spear!
A rat comes into view.
The gnoll hits you with a +0 halberd.
You hit the gnoll.
The gnoll is heavily wounded.
You closely miss the gnoll.
The gnoll is heavily wounded.
The gnoll hits you with a +0 spear. The gnoll hits you with a +0 flail.
The gnoll barely misses you.
You closely miss the gnoll.
The gnoll is heavily wounded.
You punch the gnoll!
You feel the power of Trog in you as your rage grows.
You kill the gnoll!
Trog accepts your kill. The gnoll misses you.
The gnoll hits you with a +0 spear.
* * * LOW HITPOINT WARNING * * *
You have reached level 3!
Your experience leads to an increase in your attributes!
Increase (S)trength, (I)ntelligence, or (D)exterity?
You feel stronger. x2; Your demonic ancestry asserts itself...
Rugged brown scales grow over part of your body.
You closely miss the gnoll. Your kick misses the gnoll.
The gnoll hits you with a +0 spear.
* * * LOW HITPOINT WARNING * * *
The gnoll hits you with a +0 flail.
* * * LOW HITPOINT WARNING * * *
You closely miss the gnoll. Your kick misses the gnoll.
You closely miss the gnoll. You kick the gnoll! You punch the gnoll.
You kill the gnoll!
Trog accepts your kill. The gnoll closely misses you.
You hit the gnoll. Your kick misses the gnoll.
The gnoll is lightly wounded.
You hit the gnoll.
The gnoll is heavily wounded.
The gnoll hits you with a +0 flail!
You die...

. ### #.. ..# #...#
#.. #.# #...# .
.##..####.# #...#####
. .......#.# #...#...
..
#....†#.####...#.####.
#..r..................
#.....................
#....@g..........†....
###.)r######...#.##.#.
#...# #...#...<..
#.### #...##..... #.
#...#...... ..
#.......... ##
#...#......
#...#......
#####......


You could see a gnoll and 2 rats.

Vanquished Creatures
  2 gnolls (D:2)
  A dart slug (D:2)
  2 ball pythons (D:1)
  3 endoplasms
  2 giant cockroaches (D:1)
  A goblin (D:1)
  A hobgoblin (D:1)
  3 kobolds (D:1)
  A frilled lizard (D:1)
  4 rats
20 creatures vanquished.

Notes
Turn   | Place    | Note
-------+----------+-------------------------------------------
     0 | D:1      | sanboga the Demonspawn Berserker began the quest for the
                  | Orb.
     0 | D:1      | Reached XP level 1. HP: 18/18 MP: 1/1
     6 | D:1      | Noticed a salamander
     6 | D:1      | Noticed a wolf
     6 | D:1      | Noticed a killer bee
     7 | D:1      | Noticed an eight-headed hydra
     7 | D:1      | Noticed a swamp worm
   396 | D:1      | Gained mutation: You have large cloven feet. [demonic
                  | ancestry]
   396 | D:1      | Reached XP level 2. HP: 23/24 MP: 2/2
   781 | D:1      | Found a faded altar of an unknown god.
  1118 | D:2      | Gained mutation: You are partially covered in rugged brown
                  | scales. (AC +1, +3% HP) [demonic ancestry]
  1118 | D:2      | Reached XP level 3. HP: 10/29 MP: 3/3
  1118 | D:2      | HP: 2/43 [gnoll/+0 flail (3)]
  1122 | D:2      | Slain by a gnoll

Illustrated notes

Levels and vault maps discovered:
D:1:      onia_arrival_zoo_common, layout_loops_corners,
          shapermc_ecumenical_altar_petra
D:2:      layout_loops_cross, serial_park_tiny_2

Skill      XL: |  1  2 |
---------------+-------+-----
Armour         | 2 |  2.2
Dodging        | 2 |  2.2
Unarmed Combat | 3 |  3.3
Fighting       | |  3.3

Action                   || total
-------------------------++-------
Melee: Unarmed           ||    53
       Punch             ||     3
       Kick              ||    10
Invok: Berserk           ||     1
Armor: Animal skin       ||     3
Dodge: Dodged            ||    35
